Map: Blueshift LE

Players

INject

  • Race: Terran Terran
  • League: Platinum
  • Spawn Location: 1:00

A.I. 1 (Easy) - Winner!

  • Race: Zerg Zerg
  • Spawn Location: 7:00

VOD

Have the link to the VOD?

Description

Time

  • Played on: Nov. 17, 2018, 4:52 p.m.
  • Length: 8:19
Show
View Real Time Build Order
Export as new Build Order

INject Terran 

Build Orders: Gas First Reaper Expand, Reaper Expand 

Get SALT Encoding   

  12  0:00  SCV  
  13  0:13  SCV  
  14  0:17  Supply Depot  
  14  0:25  SCV  
  14  0:27  Refinery  
  15  0:38  SCV  
  16  0:45  Barracks  
  16  0:50  SCV  
  17  1:03  SCV  
  18  1:15  SCV  
  19  1:31  Orbital Command  
  19  1:32  Reaper  
  20  1:46  Command Center  
  20  1:55  Barracks  
  20  1:59  SCV  
  21  2:06  Barracks Reactor  
  21  2:10  Supply Depot  
  21  2:13  SCV  
  22  2:19  Refinery  
  22  2:26  SCV  
  23  2:30  Bunker  
  23  2:38  SCV  
  23  2:45  Factory  
  23  2:47  Barracks Tech Lab  
  23  2:50  SCV  
  24  2:53  Marine  
  24  2:56  Marine  
  26  3:02  SCV  
  26  3:04  Orbital Command  
  27  3:11  Stimpack  
  27  3:14  SCV  
  27  3:15  Marine  
  27  3:19  Marine  
  30  3:25  Marine  
  30  3:26  SCV  
  32  3:33  Starport  
  32  3:34  Factory Reactor  
  32  3:38  SCV x2  
  34  3:45  Marine, Supply Depot  
  34  3:46  Marine  
  36  3:50  SCV x2  
  36  3:52  Marine  
  39  4:02  SCV x2  
  41  4:03  Marine  
  41  4:04  Marine  
  41  4:09  Supply Depot  
  43  4:10  Marine  
  44  4:17  SCV  
  44  4:20  Marine  
  44  4:21  Marine, Medivac x2  
  44  4:22  Factory Reactor  
  44  4:23  SCV  
  52  4:26  Refinery  
  52  4:28  Marine  
  53  4:32  Supply Depot  
  53  4:34  SCV  
  53  4:38  Marine, Engineering Bay, SCV  
  55  4:39  Marine  
  57  4:46  Marine, SCV, Refinery  
  57  4:51  SCV  
  60  4:56  Marine  
  60  4:57  Marine  
  62  5:02  SCV  
  62  5:04  Marine  
  64  5:11  Widow Mine  
  64  5:13  Medivac, Command Center  
  64  5:14  Marine  
  68  5:15  Marine  
  70  5:22  Supply Depot  
  70  5:29  Terran Infantry Weapons Level 1, Supply Depot  
  70  5:31  Engineering Bay  
  70  5:36  Combat Shield  
  70  5:43  Marine, SCV x2  
  70  5:45  Barracks  
  70  5:46  Supply Depot  
  70  5:48  Marine x2  
  75  5:55  SCV  
  75  5:56  SCV  
  77  5:58  Factory Tech Lab  
  77  5:59  Medivac  
  77  6:01  Marine  
  80  6:04  Armory  
  80  6:08  SCV x2  
  80  6:09  Supply Depot  
  82  6:13  Marine x2  
  84  6:20  SCV x2  
  86  6:26  Orbital Command  
  86  6:27  Supply Depot  
  86  6:32  SCV x2  
  87  6:44  Marine x3, SCV x2  
  87  6:46  Medivac x2  
  93  6:47  Siege Tank  
  91  6:54  SCV  
  91  6:56  SCV  
  91  6:57  Supply Depot  
  91  6:58  Refinery  
  92  7:02  Marine x5  
  92  7:03  SCV  
  96  7:12  SCV  
  97  7:17  SCV  
  97  7:18  SCV, Refinery  
  97  7:19  Siege Tank, Marine x3, Supply Depot  
  97  7:20  Marauder  
  107  7:24  SCV  
  107  7:25  Marine, Sensor Tower  
  107  7:29  SCV  
  110  7:31  Medivac  
  110  7:36  SCV  
  113  7:37  Marine, Factory  
  113  7:42  SCV  
  115  7:46  Marine x2, SCV  
  115  7:48  Supply Depot, SCV  
  119  7:56  Marine  
  121  8:04  SCV  
Show
View Real Time Build Order
Export as new Build Order

A.I. 1 (Easy) Zerg - Winner!

Build Orders: Hatch First 

Get SALT Encoding   

  12  0:00  Drone  
  13  0:12  Overlord  
  13  0:16  Drone  
  14  0:30  Drone  
  14  0:35  Drone  
  16  0:49  Hatchery  
  15  0:53  Drone  
  16  1:09  Spawning Pool  
  15  1:11  Extractor  
  15  1:12  Drone  
  15  1:16  Drone  
  16  1:24  Overlord  
  16  1:56  Queen  
  16  1:57  Zergling x4  
  16  1:59  Roach Warren  
  16  2:00  Extractor, Drone  
  19  2:06  Drone  
  20  2:13  Zergling x2  
  21  2:18  Zergling x2  
  22  2:23  Zergling x2  
  22  2:27  Zergling x2  
  24  2:31  Drone  
  24  2:35  Drone  
  26  2:41  Drone  
  27  2:46  Drone  
  28  2:54  Roach  
  30  2:59  Overlord  
  30  3:03  Drone  
  31  3:07  Drone  
  32  3:20  Roach  
  34  3:31  Overlord  
  34  3:35  Drone  
  34  3:39  Drone  
  36  3:43  Drone  
  36  3:46  Roach  
  36  3:47  Drone  
  40  3:52  Drone  
  41  3:56  Drone  
  41  4:01  Overlord  
  42  4:04  Drone  
  42  4:08  Drone  
  44  4:13  Roach, Lair, Drone  
  47  4:19  Drone  
  47  4:23  Drone  
  49  4:28  Drone  
  50  4:31  Overlord  
  50  4:34  Drone  
  51  4:39  Roach, Drone  
  51  4:43  Drone  
  55  4:48  Drone  
  55  4:52  Drone  
  57  4:53  Overlord  
  57  4:56  Drone  
  58  5:00  Drone  
  58  5:05  Drone  
  60  5:08  Roach  
  60  5:10  Overseer  
  60  5:11  Overseer  
  60  5:12  Drone  
  60  5:14  Overlord  
  63  5:15  Hydralisk Den  
  63  5:16  Drone  
  63  5:20  Drone  
  64  5:25  Drone  
  65  5:29  Drone  
  65  5:33  Drone  
  67  5:38  Extractor  
  67  5:39  Drone  
  67  5:42  Extractor  
  66  5:44  Hydralisk, Drone  
  69  6:01  Drone  
  69  6:02  Overlord  
  70  6:05  Drone  
  70  6:09  Drone  
  70  6:11  Hydralisk  
  74  6:22  Drone  
  68  6:26  Drone, Queen  
  68  6:30  Drone  
  67  6:35  Drone  
  67  6:37  Hydralisk  
  67  6:39  Drone  
  67  6:43  Drone  
  57  6:48  Drone  
  57  6:52  Drone  
  58  6:57  Drone  
  45  7:01  Drone  
  45  7:06  Hydralisk, Drone  
  41  7:10  Drone  
  41  7:14  Drone  
  43  7:19  Drone  
  44  7:23  Drone  
  45  7:31  Drone  
  45  7:33  Zergling x2  
  45  7:36  Drone  
  48  7:40  Drone  
  49  7:44  Drone  
  49  7:49  Drone  
  51  7:53  Drone  
  51  7:57  Drone  
  53  8:01  Drone  
  56  8:06  Drone  
Tags
 
Add a new tag
Caveats
  • Supply blocks, unpowered buildings, or Contaminate may cause inaccurate times.
  • Supply counts are checked every 10 seconds.